 Dungeon Crawl Stone Soup version 0.22.0 (webtiles) character file.

93 porkupine the Chopper (level 4, -1/36 HPs)
             Began as a Hill Orc Fighter on Aug 16, 2018.
             Was an Initiate of Beogh.
             Slain by Guenter's ghost (6 damage)
             ... on level 3 of the Dungeon.
             The game lasted 00:05:14 (2038 turns).

porkupine the Chopper (Hill Orc Fighter)            Turns: 2038, Time: 00:05:15

Health: -1/36      AC:  9    Str: 24    XL:     4   Next: 62%
Magic:  4/4        EV:  8    Int:  8    God:    Beogh [......]
Gold:   108        SH:  9    Dex: 10    Spells: 3/3 levels left

rFire    . . .     SeeInvis .   a - +0 war axe
rCold    . . .     Gourm    .   c - +0 shield
rNeg     . . .     Faith    .   k - +0 chain mail
rPois    .         Spirit   .   (no helmet)
rElec    .         Reflect  .   (no cloak)
rCorr    .         Harm     .   (no gloves)
MR       .....                  (no boots)
Stlth    ..........             (no amulet)
HPRegen  0.12/turn              (no ring)
MPRegen  0.09/turn              (no ring)

@: mighty
A: repulsion field 1, frail 1
a: Renounce Religion


You were on level 3 of the Dungeon.
You worshipped Beogh.
Beogh was noncommittal.
You were hungry.

You visited 1 branch of the dungeon, and saw 3 of its levels.

You collected 108 gold pieces.

Inventory:

Hand Weapons
 a - a +0 war axe (weapon)
Missiles
 j - 3 curare-tipped needles
Armour
 c - a +0 shield (worn)
 k - a +0 chain mail (worn)
Scrolls
 b - 2 scrolls of identify {unknown}
 e - a scroll of random uselessness {unknown}
 g - a scroll of fog {unknown}
 h - 4 scrolls of teleportation {unknown}
Potions
 d - a potion of might
 i - a potion of ambrosia
Comestibles
 f - 3 rations


   Skills:
 + Level 4.0 Fighting
 * Level 4.4 Axes
 + Level 4.2 Armour
 + Level 0.3 Dodging
 + Level 3.6 Shields


You had 3 spell levels left.
You didn't know any spells.
Your spell library was empty.

Dungeon Overview and Level Annotations

Branches:
Dungeon (3/15)

Altars:
Gozag
Hepliaklqana
Beogh

Annotations:
D:3 Guenter's ghost, amateur DsGl


Innate Abilities, Weirdness & Mutations

You are surrounded by a mild repulsion field. (EV +2)
You are frail. (-10% HP)


Message History

It was a potion of mutation.
You feel extremely strange.
You feel frail.
You begin to radiate repulsive energy.
Guenter's ghost hits you.
* * * LOW HITPOINT WARNING * * *
You bump into the translucent stone wall.
You feel less invigorated.
You feel less confused. Guenter's ghost barely misses you.
You hit Guenter's ghost but do no damage.
Guenter's ghost closely misses you.
You slash Guenter's ghost!
Guenter's ghost is moderately damaged.
Guenter's ghost hits you.
* * * LOW HITPOINT WARNING * * *
You hit Guenter's ghost.
Guenter's ghost is moderately damaged.
Guenter's ghost hits you.
* * * LOW HITPOINT WARNING * * *
Guenter's ghost hits you.
You die...

##.###.#.# ##.......#########
.#####...........# .. )#
###########.#### ...# .#
#.(.....## #...# .# #.#......#
#...# .# #.#..##..####...####
## .###.#.[#...[..........
.....8.@Wo.........8.. #
.###.######'''######. #
#.#.............# # #
#....#####....# ############
#.###.....###.# .. ........#
#.#8#..8..#8#.# ## #..# #.#
#.............### #####..###.#
#8....[_[....8#.#
..†......#.##################.#


You could see Guenter's ghost and an orc.

Vanquished Creatures
  3 adders
  A worm (D:2)
  3 dart slugs (D:1)
  5 orcs (D:3)
  2 giant cockroaches (D:1)
  2 goblins
  2 hobgoblins (D:1)
  9 jackals (D:1)
  6 kobolds
  A ball python (D:1)
  7 bats
  A frilled lizard (D:1)
  7 rats
49 creatures vanquished.

Notes
Turn   | Place    | Note
-------+----------+-------------------------------------------
     0 | D:1      | porkupine the Hill Orc Fighter began the quest for the Orb.
     0 | D:1      | Reached XP level 1. HP: 19/19 MP: 1/1
    63 | D:1      | Reached XP level 2. HP: 25/27 MP: 2/2
   308 | D:1      | Reached XP level 3. HP: 29/33 MP: 3/3
  1181 | D:2      | Reached XP level 4. HP: 37/40 MP: 4/4
  1245 | D:2      | Found a hazy altar of Hepliaklqana.
  1291 | D:2      | Found an opulent altar of Gozag.
  1971 | D:3      | Found a runed gate.
  1971 | D:3      | Found a runed gate.
  1973 | D:3      | Found a runed gate.
  1982 | D:3      | Found a roughly hewn altar of Beogh.
  1982 | D:3      | Noticed Guenter's ghost (amateur DsGl)
  1997 | D:3      | Became a worshipper of Beogh the Brigand
  2034 | D:3      | Gained mutation: You are frail. (-10% HP) [potion of mutation]
  2034 | D:3      | Gained mutation: You are surrounded by a mild repulsion field. (EV +2) [potion of mutation]
  2038 | D:3      | Slain by Guenter's ghost

Skill      XL: |  1  2  3  4 |
---------------+-------------+-----
Axes           | 3 4 |  4.4
Fighting       | 4 |  4.0
Armour         | 4 |  4.2
Dodging        | |  0.3
Shields        | |  3.6

Action                   |  1- 3 |  4- 6 || total
-------------------------+-------+-------++-------
Melee: War axe           |   105 |    75 ||   180
  Use: Potion            |       |     3 ||     3
  Eat: Chunk             |       |     3 ||     3
Armor: Scale mail        |    43 |       ||    43
       Chain mail        |     9 |    45 ||    54
Dodge: Dodged            |    34 |    19 ||    53
Block: Shield            |    49 |    37 ||    86
